Map: Prion Terraces

Players

Vaisravana

  • Race: Zerg Zerg
  • League: Master

llllllllllll - Winner!

  • Race: Terran Terran
  • League: Master

Event: NationWars III

VOD

Have the link to the VOD?

Description

Time

  • Played on: Nov. 21, 2015, 2:36 p.m.
  • Length: 8:53
Show
View Real Time Build Order
Export as new Build Order

Vaisravana Zerg 

Build Orders: Hatch First 

Get SALT Encoding   

  12  0:00  Drone  
  13  0:12  Overlord  
  13  0:18  Drone  
  14  0:30  Drone x2  
  14  0:35  Drone  
  17  0:52  Hatchery  
  17  0:55  Drone  
  17  0:57  Drone  
  18  1:07  Drone  
  18  1:09  Extractor  
  18  1:19  Drone, Spawning Pool  
  18  1:29  Drone  
  19  1:40  Overlord  
  19  2:05  Zergling x4  
  19  2:06  Queen x2, Zergling x2  
  26  2:10  Metabolic Boost  
  26  2:16  Drone x2  
  28  2:24  Drone  
  29  2:41  Drone x3  
  29  2:42  Queen  
  34  2:49  Overlord  
  34  2:50  Drone  
  35  2:53  Drone  
  36  3:09  Zergling x6  
  39  3:13  Drone  
  39  3:14  Drone  
  39  3:15  Drone x2  
  43  3:29  Drone, Overlord  
  44  3:40  Hatchery  
  43  3:42  Drone, Overlord  
  43  3:45  Roach Warren, Extractor  
  42  3:55  Drone  
  42  3:56  Drone x7  
  50  4:03  Overlord  
  50  4:07  Overlord  
  50  4:27  Roach  
  50  4:28  Roach x7  
  66  4:34  Drone x4  
  70  4:52  Drone x3  
  73  4:54  Drone  
  73  4:55  Drone x2  
  73  4:56  Lair  
  73  4:59  Extractor  
  75  5:00  Drone x2  
  75  5:01  Evolution Chamber  
  75  5:02  Evolution Chamber  
  75  5:05  Extractor  
  75  5:06  Drone x4  
  78  5:07  Drone  
  78  5:13  Overlord x2  
  79  5:18  Overlord  
  79  5:23  Overlord  
  79  5:24  Overlord  
  79  5:27  Overlord  
  79  5:33  Roach x3  
  85  5:37  Roach x2  
  85  5:39  Ravager  
  85  5:40  Ravager x2  
  92  5:45  Roach x3  
  92  5:47  Roach  
  92  5:48  Roach  
  102  5:57  Glial Reconstitution  
  102  6:00  Overlord  
  102  6:15  Roach  
  102  6:16  Roach x6  
  110  6:19  Roach x2  
  110  6:20  Zergling x4  
  110  6:21  Zergling x4  
  114  6:29  Roach x2  
  114  6:32  Roach  
  115  6:41  Zergling x4  
  115  6:46  Ravager  
  115  6:47  Zergling x6  
  118  6:50  Zergling x2  
  118  6:51  Zergling x4  
  118  6:54  Zergling x2  
  122  6:58  Zergling x8  
  126  7:01  Zergling x2  
  107  7:18  Roach x9  
  107  7:22  Roach  
  94  7:23  Roach  
  89  7:30  Drone  
  89  7:36  Roach x4  
  89  7:37  Roach x2  
  102  7:38  Hatchery, Zergling x4  
  102  7:39  Zergling x2  
  104  7:56  Ravager  
  104  7:57  Ravager x2  
  104  7:58  Zergling x12  
  112  8:02  Zergling x2  
  112  8:03  Zergling x4  
  115  8:06  Zergling x6  
  115  8:12  Zergling x10  
  123  8:14  Zergling x2  
  121  8:29  Zergling x2  
  121  8:30  Zergling x6  
  121  8:34  Roach  
Show
View Real Time Build Order
Export as new Build Order

llllllllllll Terran - Winner!

Build Orders: Liberator Opening, Reaper Expand, MMM Bio 

Get SALT Encoding   

  12  0:02  SCV  
  13  0:14  SCV  
  13  0:17  Supply Depot  
  14  0:26  SCV  
  15  0:39  SCV  
  15  0:41  Barracks  
  16  0:45  Refinery  
  16  0:51  SCV  
  17  1:03  SCV  
  18  1:15  SCV  
  19  1:29  Orbital Command  
  19  1:30  Reaper  
  20  1:39  Command Center  
  20  1:47  Supply Depot  
  20  1:55  SCV  
  21  2:02  Reaper  
  21  2:07  SCV  
  23  2:21  SCV  
  24  2:24  Refinery  
  24  2:25  Factory  
  24  2:33  SCV  
  25  2:42  Command Center  
  25  2:45  SCV  
  26  2:53  Barracks Reactor  
  26  2:54  Orbital Command  
  26  3:02  SCV  
  26  3:04  Supply Depot  
  27  3:12  Factory Tech Lab  
  27  3:14  SCV  
  27  3:15  Starport  
  28  3:20  SCV  
  28  3:26  SCV  
  30  3:28  Bunker  
  30  3:31  Marine  
  30  3:32  SCV  
  32  3:38  Siege Tank  
  32  3:40  Marine  
  36  3:46  Supply Depot  
  36  3:48  SCV  
  37  3:49  SCV  
  37  3:51  Marine  
  37  3:52  Liberator  
  39  3:58  Orbital Command  
  39  3:59  Marine  
  40  4:03  SCV  
  40  4:04  SCV  
  45  4:17  SCV x2  
  47  4:24  Barracks  
  47  4:25  SCV  
  47  4:28  Barracks  
  47  4:29  SCV  
  47  4:30  Factory Reactor  
  47  4:31  Marine  
  50  4:32  Stimpack  
  50  4:35  SCV  
  50  4:37  SCV  
  52  4:41  SCV  
  52  4:43  Liberator  
  53  4:48  SCV, Marine  
  53  4:49  SCV  
  55  4:54  Refinery  
  55  4:55  Refinery, Engineering Bay  
  55  4:56  Engineering Bay  
  55  5:02  SCV x2  
  55  5:03  SCV  
  60  5:12  Barracks  
  60  5:13  Barracks  
  60  5:14  Factory Tech Lab  
  60  5:17  Marauder  
  60  5:18  SCV x2, Orbital Command, Marine x2  
  66  5:25  Marine x2  
  66  5:27  Terran Infantry Weapons Level 1  
  68  5:31  Supply Depot  
  68  5:32  Supply Depot  
  68  5:35  SCV x2  
  70  5:37  Terran Infantry Armor Level 1  
  70  5:42  Marauder, Marine x2  
  74  5:45  Starport Reactor  
  74  5:51  Marine x2  
  74  5:52  SCV  
  74  5:53  SCV  
  74  5:54  SCV  
  79  6:03  Marauder  
  81  6:05  Barracks Reactor x2  
  81  6:08  SCV  
  81  6:10  SCV  
  83  6:15  Barracks x2  
  83  6:16  Barracks  
  83  6:17  SCV  
  81  6:21  Siege Tank, Marine x3  
  87  6:26  Marauder  
  87  6:29  Marine  
  90  6:33  Medivac  
  90  6:39  Supply Depot, Medivac, Marine x2  
  96  6:41  Supply Depot  
  96  6:43  Barracks  
  96  6:46  Marine x4  
  100  6:47  Marauder, Marine  
  100  6:53  Marine  
  104  6:57  Marine x2  
  104  7:01  Siege Tank  
  105  7:03  Marine x3  
  105  7:04  Marine x2  
  105  7:05  Marine x2  
  109  7:09  Marauder  
  109  7:14  Marine x2  
  109  7:15  Marine  
  106  7:21  Marine x4  
  106  7:22  Medivac  
  105  7:24  SCV x2  
  107  7:31  Combat Shields  
  107  7:33  Barracks Tech Lab x2  
  107  7:34  Barracks Reactor  
  104  7:37  Marine x3  
  104  7:38  Siege Tank, Medivac  
  104  7:39  Marine x2  
  104  7:42  Marine x2  
  104  7:43  Marine x2  
  117  7:49  Supply Depot  
  117  7:50  Marauder  
  117  7:51  Supply Depot x2  
  119  7:54  Marauder, Marine  
  119  7:55  Marine x3  
  125  8:02  Supply Depot  
  125  8:11  Marine x7  
  125  8:12  Medivac, Marine x2  
  137  8:13  Marauder, Marine  
  137  8:16  Marauder  
  137  8:18  Marine x2  
  143  8:21  Siege Tank, Medivac  
  146  8:29  Marine  
  146  8:30  Marine x5  
  146  8:31  Marine x2  
Tags
 
Add a new tag
Caveats
  • Supply blocks, unpowered buildings, or Contaminate may cause inaccurate times.
  • Supply counts are checked every 10 seconds.